 Dungeon Crawl Stone Soup version 0.31.0-9-g3a7656b989 (webtiles) character file.

Game seed: 14586307504838483243

16 qw the Shooter (level 2, -1/14 HPs)
             Began as a Spriggan Hunter on Feb 2, 2024.
             Succumbed to their own poison gas
             ... on level 1 of the Dungeon.
             The game lasted 00:00:01 (686 turns).

qw the Shooter (Spriggan Hunter)                     Turns: 686, Time: 00:00:02

Health: -1/14      AC:  2    Str:  7    XL:     2   Next: 37%
Magic:  3/3        EV: 19    Int: 10    God:
Gold:   62         SH:  0    Dex: 18    Spells: 1/1 levels left

rFire   . . .        a - +0 shortbow
rCold   . . .        (shield currently unavailable)
rNeg    . . .        c - +0 robe
rPois   .            (helmet restricted)
rElec   .            (no cloak)
rCorr   .            (gloves unavailable)
SInv    +            (boots unavailable)
Will    .....        (no amulet)
Stlth   ++           (no ring)
HPRegen 0.22/turn    (no ring)
MPRegen 0.08/turn

%: no passive effects
@: lethally poisoned (-1 -> -18), very quick
A: very small, no large weapons, unfitting armour, see invisible, speed 3
a: no special abilities


You were on level 1 of the Dungeon.
You visited 1 branch of the dungeon, and saw 1 of its levels.

You collected 82 gold pieces.
You spent 20 gold pieces at shops.


Innate Abilities, Weirdness & Mutations

You are very small and have problems with some larger weapons.
You are too small for most types of armour.
You have supernaturally acute eyesight. (SInv)
You cover ground extremely quickly. (Speed+++)


   Skills:
 - Level 1.5 Fighting
 + Level 4.0 Ranged Weapons
 - Level 4.0 Dodging
 - Level 1.5 Stealth


You had one spell level left.
You didn't know any spells.
Your spell library was empty.

Inventory:

Hand Weapons
 a - a +0 shortbow (weapon)
Armour
 c - a +0 robe (worn)

Dungeon Overview and Level Annotations

Branches:
Dungeon (1/15)

Altars:

Shops:
D:1 **


Message History

Done exploring.
679 ||| READING scroll labelled YRGHASI BYAMAI.
As you read the scroll labelled YRGHASI BYAMAI, it crumbles to dust.
It is a scroll of enchant armour.
679 ||| ENCHANTING +0 shortbow.
Done exploring.
680 ||| READING scroll labelled QIRUVU ZOAM.
The air fills with toxic fumes!
As you read the scroll labelled QIRUVU ZOAM, it crumbles to dust.
It was a scroll of poison.
Done exploring.
681 ||| READING scroll labelled LYNEKH IMADGHAD.
Blink to where?
Press: ? - help, Dir - move target, f - you
As you read the scroll labelled LYNEKH IMADGHAD, it crumbles to dust.
It was a scroll of blinking.
Done exploring.
682 ||| DROPPING scroll of butterflies.
You drop a scroll of butterflies.
Done exploring.
683 ||| DROPPING potion of attraction.
You drop a potion of attraction.
Done exploring.
What level of the Dungeon? (default 1, ? - help) Sorry, I don't know how to get there.
Enter note:
Enter note:
Enter note:
Enter note:
Enter note:
Enter note:
Enter note:
Enter note:
Enter note: You are engulfed in poison gas.
You are lethally poisoned!
You feel very sick.
685 ||| Stepping ~*~*~tactically~*~*~ (cloud).
You feel very sick.
Things that are here:
a potion of attraction; a scroll of butterflies
There is a lethal amount of poison in your body!
You die...

.##.##(# #..# #.#
###.##.######..# #.#
#.##.........# #.#
#.##########.# #.# #.#
#.# #.# ###)##########.#
#.# ..>............# #.#
(.#.##################¤#
......# #@¤0¤¤¤¤#
..#.#.# #¤#######
.#..#.# #¤# ....#.## #0#
.#.#...#########¤#
..##...........¤¤#
####...########### #####


There were no monsters in sight!

Vanquished Creatures
  A ball python (D:1)
  2 bats (D:1)
  2 endoplasms (D:1)
  3 goblins (D:1)
  A hobgoblin (D:1)
  A kobold (D:1)
  A frilled lizard (D:1)
  2 rats (D:1)
13 creatures vanquished.

Notes
Turn   | Place    | Note
-------+----------+-------------------------------------------
     0 | D:1      | qw the Spriggan Hunter began the quest for the Orb.
     0 | D:1      | Reached XP level 1. HP: 10/10 MP: 2/2
     0 | D:1      | 0 ||| qw: Version: 0.3-a-155-g5e7d8dd
     0 | D:1      | 0 ||| qw: Game counter: 770
     0 | D:1      | 0 ||| qw: Melee chars always use a shield: true
     0 | D:1      | 0 ||| qw: God list: Okawaru
     0 | D:1      | 0 ||| qw: Allow faded altars: false
     0 | D:1      | 0 ||| qw: Do Orc after clearing Dungeon:15 true
     0 | D:1      | 0 ||| qw: Do second Lair branch before Depths: true
     0 | D:1      | 0 ||| qw: Lair rune preference: random
     0 | D:1      | 0 ||| qw: Goals: Normal
     0 | D:1      | 0 ||| PLANNING D:1-11
    55 | D:1      | Found Cybburom's Assorted Antiques.
    75 | D:1      | 75 ||| SHOPLISTING ruby potion (22 gold, have 8).
    75 | D:1      | 75 ||| SHOPLISTING sapphire potion (22 gold, have 8).
    75 | D:1      | 75 ||| SHOPLISTING scroll labelled AHIEPS YR KUG (25 gold,
                  | have 8).
    75 | D:1      | 75 ||| SHOPLISTING scroll labelled LYSSYTR KYKHIAL (25
                  | gold, have 8).
    75 | D:1      | 75 ||| SHOPLISTING scroll labelled XOMOPR YVVO (25 gold,
                  | have 8).
    90 | D:1      | Reached skill level 3 in Dodging
   140 | D:1      | Found Kixzuxt's General Store.
   144 | D:1      | 144 ||| SHOPLISTING 2 potions of heal wounds (100 gold,
                  | have 37).
   144 | D:1      | 144 ||| SHOPLISTING potion of might (40 gold, have 37).
   144 | D:1      | 144 ||| SHOPLISTING scroll of brand weapon (95 gold, have
                  | 37).
   144 | D:1      | 144 ||| BUYING scroll of identify (20 gold).
   144 | D:1      | Bought a scroll of identify for 20 gold pieces
   331 | D:1      | Reached XP level 2. HP: 14/14 MP: 3/3
   678 | D:1      | 678 ||| READING scroll of identify.
   678 | D:1      | 678 ||| IDENTIFYING glowing coppery potion
   679 | D:1      | 679 ||| READING scroll labelled YRGHASI BYAMAI.
   679 | D:1      | 679 ||| ENCHANTING +0 shortbow.
   680 | D:1      | 680 ||| READING scroll labelled QIRUVU ZOAM.
   681 | D:1      | 681 ||| READING scroll labelled LYNEKH IMADGHAD.
   682 | D:1      | 682 ||| DROPPING scroll of butterflies.
   683 | D:1      | 683 ||| DROPPING potion of attraction.
   685 | D:1      | 685 ||| Stepping ~*~*~tactically~*~*~ (cloud).
   685 | D:1      | HP: 3/14 [poisoned by you (poison gas)]
   686 | D:1      | Succumbed to their own poison gas

Levels and vault maps discovered:
D:1:      saegor_arrival_simple_c, layout_loops_ring, serial_shops, shop, shop,
          minmay_misc_feat_encased, chequers_avenue

Skill      XL: |  1  2 |
---------------+-------+-----
Dodging        | 3 4 |  4.0
Fighting       | |  1.5
Ranged Weapons | |  4.0
Stealth        | |  1.5

Action                     || total
---------------------------++-------
   Fire: Shortbow          ||    36
    Use: Scroll            ||     4
 Armour: Robe              ||     3
  Dodge: Dodged            ||    16

Table legend:
 A = Non-vault XP
 B = Vault XP
 C = Vault XP percentage of total XP
 D = Non-vault monster count
 E = Vault monster count
 F = Vault count percentage of total count
                 A         B        C        D         E       F
            +---------+---------+-------+---------+---------+-------
      Total |      23 |       0 |   0.0 |      13 |       0 |   0.0
            +---------+---------+-------+---------+---------+-------
        D:1 |      23 |       0 |   0.0 |      13 |       0 |   0.0
            +---------+---------+-------+---------+---------+-------
